 Dungeon Sprint DCSS version 0.28.0-45-g0d030f2227 (webtiles) character file.

Game seed: 6301891345568442712

42017 boopmooplesden the Executioner (level 13, 0/145 HPs)
             Began as a Minotaur Berserker on Apr 17, 2022.
             Was the Champion of Trog.
             Slain by a deep elf knight
             ... wielding a +0 long sword
              (9 damage)
             ... in the Dungeon (Sprint III: "The Ten Rune Challenge").
             The game lasted 00:11:11 (5786 turns).

boopmooplesden the Executioner (Minotaur Berserker) Turns: 5786, Time: 00:11:12

Health: 0/145      AC: 16    Str: 22    XL:     13   Next: 12%
Magic:  12/12      EV: 11    Int:  4    God:    Trog [******]
Gold:   3281       SH:  4    Dex: 13    Spells: 12/12 levels left

rFire   + . .      SeeInvis +   v - +5 battleaxe "Vuomp" {vorpal, rF+ rC+ rN++}
rCold   + . .      Faith    .   (shield currently unavailable)
rNeg    + + .      Spirit   .   c - +0 plate armour
rPois   +          Reflect  .   y - +0 hat {SInv}
rElec   .          Harm     .   (no cloak)
rCorr   .          Rampage  .   (no gloves)
Will    .....      NoTele   +   (no boots)
Stlth   ..........              (no amulet)
HPRegen 0.34/turn               E - ring of flight
MPRegen 0.13/turn               (no ring)

@: on berserk cooldown, flying, slowed, very slow
A: horns 2, retaliatory headbutt, large bone plates 1, see invisible, poison
resistance, weak 1
}: 1/10 runes: serpentine
a: Renounce Religion, Berserk, Trog's Hand, Brothers in Arms


You were in the Dungeon.
You worshipped Trog.
Trog was exalted by your worship.
You visited 1 branch You collected 3281 gold pieces.

Inventory:

Hand Weapons
 a - a +0 hand axe
 q - a +1 long sword of holy wrath
 r - a +4 rapier of flaming
 t - a +3 vorpal war axe
 u - a +3 antimagic broad axe
 v - the +5 battleaxe "Vuomp" (weapon) {vorpal, rF+ rC+ rN++}
   (Trog gifted it to you in the Dungeon)

   It inflicts extra damage upon your enemies.
   rF:        It protects you from fire.
   rC:        It protects you from cold.
   rN:        It greatly protects you from negative energy.
 w - a +6 triple sword
 x - a +7 great sword of flaming
 A - the +5 executioner's axe of Trog's Envy {flame, rElec rCorr Str+3}
   (Trog gifted it to you in the Dungeon)

   It burns those it strikes, dealing additional fire damage.
   Big, fiery blades are also staple armaments of hydra-hunters.
   Str:       It affects your strength (+3).
   rElec:     It insulates you from electricity.
   rCorr:     It protects you from acid and corrosion.
 B - the +3 executioner's axe of Dawobb {flame, rN+ Dex+7}
   (Trog gifted it to you in the Dungeon)

   It burns those it strikes, dealing additional fire damage.
   Big, fiery blades are also staple armaments of hydra-hunters.
   Dex:       It affects your dexterity (+7).
   rN:        It protects you from negative energy.
 C - the +5 falchion of Purpose {antimagic, Contam rF+ Str+3 Dex+2}
   (You found it in the Dungeon)

   It reduces the magical energy of the wielder, and disrupts the spells and
   magical abilities of those it strikes.
   Natural abilities and divine invocations are not affected.
   Str:       It affects your strength (+3).
   Dex:       It affects your dexterity (+2).
   rF:        It protects you from fire.
   Contam:    It causes magical contamination when unequipped.
Missiles
 D - 6 javelins (quivered)
Armour
 c - a +0 plate armour (worn)
 p - a +0 ring mail
 y - a +0 hat of see invisible (worn)
Jewellery
 h - an amulet of faith
 E - a ring of flight (left hand)
Wands
 n - a wand of flame (18)
 J - a wand of acid (9)
Scrolls
 i - 2 scrolls of torment {unknown}
 j - 3 scrolls of identify
 m - a scroll of immolation {unknown}
 F - a scroll of magic mapping {unknown}
 I - a scroll of summoning {unknown}
Potions
 d - a potion of resistance {unknown}
 e - a potion of haste
 f - 2 potions of magic
 g - 2 potions of berserk rage
 k - 5 potions of flight
 l - 3 potions of mutation
 o - a potion of might
 z - 3 potions of brilliance {unknown}
 G - a potion of ambrosia {unknown}
 H - 2 potions of invisibility {unknown}
Miscellaneous
 s - a phial of floods


   Skills:
 + Level 22.2 Fighting
 + Level 8.5 Long Blades
 + Level 24.9 Axes
 + Level 14.5 Armour
 + Level 11.9 Dodging
 + Level 7.9 Stealth
 + Level 9.6 Shields
 + Level 1.8 Evocations


You had 12 spell levels left.
You didn't know any spells.
Your spell library was empty.

Dungeon Overview and Level Annotations

Branches:
Dungeon (1/1)

Altars:
Cheibriados
Dithmenos
Elyvilon
Fedhas
Gozag
Hepliaklqana
Kikubaaqudgha
Makhleb
Nemelex Xobeh
Okawaru
Qazlal
Ru
Sif Muna
Trog
Uskayaw
Vehumet
Wu Jian
Xom
Yredelemnul
Zin
The Shining One
Beogh
Jiyva
Lugonu

Shops:
D (:!(


Innate Abilities, Weirdness & Mutations

You have a pair of horns on your head.
You reflexively headbutt those who attack you in melee.
You are partially covered in large bone plates. (SH +4)
You have supernaturally acute eyesight. (SInv)
Your system is resistant to poisons. (rPois)
You are weak. (Str -2)


Message History

A deep elf zephyrmancer is nearby!
The deep elf zephyrmancer shouts!
The deep elf zephyrmancer gestures at you while chanting.
The bolt of lightning misses you. The bolt of lightning hits you!!
You slice the deep elf zephyrmancer!! You headbutt the deep elf zephyrmancer!
The deep elf zephyrmancer is almost dead.
The deep elf zephyrmancer gestures at you while chanting.
The bolt of lightning misses you. The bolt of lightning hits you!!
* * * LOW HITPOINT WARNING * * *
You slash the deep elf zephyrmancer!
You kill the deep elf zephyrmancer!
Trog accepts your kill. Trog grants you a weapon!
Something appears at your feet!
You see here a +3 long sword of flaming.
Trog appreciates your killing of a magic user.
Things that are here:
a +0 rapier; a +0 ring mail; an elf corpse You reach down and close the door.
You start resting.
There are monsters nearby!
You're still recovering from your berserk rage.
You slice the deep elf knight!! You headbutt the deep elf knight!
The deep elf knight is severely wounded.
The deep elf knight hits you but does no damage.
You slice the deep elf knight!!
You kill the deep elf knight!
Trog accepts your kill.
Trog appreciates your killing of a magic user.
You miss the deep elf knight.
The deep elf knight hits you with a +0 long sword!
* * * LOW HITPOINT WARNING * * *
You slash the deep elf knight!
You headbutt the deep elf knight, but do no damage.
The deep elf knight is moderately wounded.
The deep elf knight completely misses you.
You barely miss the deep elf knight.
The deep elf knight is moderately wounded.
The deep elf knight hits you with a +0 long sword!
You die...

▓▓▓▓▓▓ ####### #.#..##########
___#__####..#.#.@e.#...#
__.#)_#.)))....)##.#...#
'###'##).))..).∩.# #...≈
......#)[)....)..# ...#
......#)#)#.#.#### ..#
#####'#.##.##.# ##
__#...#'#########################
__#...#....#.#.#.....#.^^^..'...≈
__#...##.#..#)##)###)#......#...≈


You could see a deep elf knight.

Vanquished Creatures
  Rupert (D)
  Gastronok (D)
  Harold (D)
  A nagaraja (D)
  2 dire elephants (D)
  Erolcha (D)
  2 hydras (D)
  2 anacondas (D)
  4 death yaks (D)
  Urug (D)
  2 deep elf knights (D)
  A spriggan druid (D)
  A death drake (D)
  A lindwurm (D)
  Joseph (D)
  2 deep elf zephyrmancers (D)
  2 orc sorcerers (D)
  A deep elf pyromancer (D)
  2 elephants (D)
  6 black mambas (D)
  2 cane toads (D)
  A rime drake (D)
  A komodo dragon (D)
  A queen bee (D)
  3 wandering mushrooms (D)
  2 tyrant leeches (D)
  8 blink frogs (D)
  A shadow (D)
  2 spriggans (D)
  5 redbacks (D)
  A spatial vortex (D)
  2 nagas (D)
  3 water moccasins (D)
  5 orc warriors (D)
  A swamp drake (D)
  A necrophage (D)
  2 black mamba simulacra (D)
  5 two-headed ogres (D)
  A water elemental (D)
  32 killer bees (D)
  An electric eel (D)
  A jelly (D)
  A necromancer (D)
  A wizard (D)
  An orc wizard (D)
  A polar bear simulacrum (D)
  A wolf simulacrum (D)
  3 humans (D)
  A kobold demonologist (D)
  3 adders (D)
  A phantom (D)
  9 orcs (D)
  2 endoplasms (D)
  2 rats (D)
142 creatures vanquished.

Vanquished Creatures (collateral kills)
  A naga warrior (D)
  A guardian serpent (D)
2 creatures vanquished.

Vanquished Creatures (others)
  An orc (D)
  2 fungi (D)
  10 plants (D)
13 creatures vanquished.

Grand Total: 157 creatures vanquished

Notes
Turn   | Place    | Note
-------+----------+-------------------------------------------
     0 | D        | boopmooplesden the Minotaur Berserker began the quest for
                  | the Orb.
     0 | D        | Reached XP level 1. HP: 19/19 MP: 0/0
     9 | D        | Reached skill level 4 in Axes
   126 | D        | Reached ** piety under Trog
   148 | D        | Reached skill level 5 in Fighting
   148 | D        | Reached skill level 5 in Axes
   148 | D        | Reached XP level 2. HP: 29/29 MP: 1/1
   178 | D        | Gained mutation: You are dopey. (Int -2) [potion of
                  | mutation]
   178 | D        | Gained mutation: You are robust. (+10% HP) [potion of
                  | mutation]
   178 | D        | Gained mutation: You are clumsy. (Dex -2) [potion of
                  | mutation]
   178 | D        | Gained mutation: You have sharp toenails. [potion of
                  | mutation]
   179 | D        | Lost mutation: You are clumsy. (Dex -2) [potion of
                  | mutation]
   179 | D        | Lost mutation: You are robust. (+10% HP) [potion of
                  | mutation]
   179 | D        | Lost mutation: You have sharp toenails. [potion of
                  | mutation]
   179 | D        | Gained mutation: You are weak. (Str -2) [potion of
                  | mutation]
   179 | D        | Gained mutation: You are partially covered in large bone
                  | plates. (SH +4) [potion of mutation]
   179 | D        | Gained mutation: You have a somewhat thin skeletal
                  | structure. (Dex +2, Stealth+) [potion of mutation]
   180 | D        | Lost mutation: You are weak. (Str -2) [potion of mutation]
   180 | D        | Lost mutation: You are dopey. (Int -2) [potion of mutation]
   180 | D        | Lost mutation: You have a somewhat thin skeletal structure.
                  | (Dex +2, Stealth+) [potion of mutation]
   180 | D        | Gained mutation: You have supernaturally acute eyesight.
                  | (SInv) [potion of mutation]
   180 | D        | Gained mutation: You are weak. (Str -2) [potion of
                  | mutation]
   180 | D        | Gained mutation: Your system is resistant to poisons.
                  | (rPois) [potion of mutation]
   278 | D        | Noticed a water elemental
   283 | D        | Killed a water elemental
   283 | D        | Reached *** piety under Trog
   284 | D        | Reached skill level 7 in Axes
   284 | D        | Reached skill level 1 in Stealth
   284 | D        | Reached XP level 3. HP: 32/39 MP: 2/2
   284 | D        | Reached XP level 4. HP: 39/47 MP: 3/3
   346 | D        | Found a basalt altar of Yredelemnul.
   346 | D        | Found a shadowy altar of Dithmenos.
   346 | D        | Found a sacrificial altar of Ru.
   346 | D        | Noticed a necrophage
   350 | D        | Killed a necrophage
   351 | D        | Reached skill level 9 in Axes
   351 | D        | Reached XP level 5. HP: 56/56 MP: 4/4
   410 | D        | Found a hide-covered altar of Uskayaw.
   410 | D        | Found an iron altar of Okawaru.
   410 | D        | Found a bloodstained altar of Trog.
   410 | D        | Found an ornate altar of the Wu Jian Council.
   410 | D        | Noticed a human
   412 | D        | Noticed a human
   418 | D        | Killed a human
   419 | D        | Reached skill level 10 in Fighting
   419 | D        | Reached skill level 10 in Axes
   419 | D        | Reached skill level 5 in Armour
   419 | D        | Reached skill level 5 in Dodging
   419 | D        | Reached XP level 6. HP: 66/66 MP: 5/5
   424 | D        | Killed a human
   424 | D        | Reached **** piety under Trog
   425 | D        | Reached skill level 11 in Axes
   529 | D        | Found a radiant altar of Vehumet.
   529 | D        | Found a shimmering blue altar of Sif Muna.
   529 | D        | Found an ancient bone altar of Kikubaaqudgha.
   686 | D        | Found a glowing silver altar of Zin.
   687 | D        | Found a glowing golden altar of the Shining One.
   687 | D        | Found a white marble altar of Elyvilon.
   687 | D        | Noticed a deep elf pyromancer
   688 | D        | Noticed a fire elemental
   693 | D        | Killed a deep elf pyromancer
   693 | D        | Reached ***** piety under Trog
   694 | D        | Reached skill level 13 in Axes
   694 | D        | Reached XP level 7. HP: 78/78 MP: 6/6
   734 | D        | Noticed a shadow
   742 | D        | Received a gift from Trog
   749 | D        | Killed a shadow
   750 | D        | Reached XP level 8. HP: 53/85 MP: 7/7
   760 | D        | Found a blossoming altar of Fedhas.
   760 | D        | Found a stormy altar of Qazlal.
   760 | D        | Found a snail-covered altar of Cheibriados.
   760 | D        | Found a burning altar of Makhleb.
   760 | D        | Found a shimmering altar of Xom.
   761 | D        | Found a hazy altar of Hepliaklqana.
   761 | D        | Found an opulent altar of Gozag.
   761 | D        | Found a sparkling altar of Nemelex Xobeh.
   761 | D        | Found a corrupted altar of Lugonu.
   761 | D        | Found a viscous altar of Jiyva.
   997 | D        | Reached skill level 1 in Long Blades
   997 | D        | Reached skill level 14 in Axes
  1188 | D        | Noticed a two-headed ogre
  1195 | D        | Killed a two-headed ogre
  1196 | D        | Reached skill level 1 in Shields
  1312 | D        | Noticed a two-headed ogre
  1312 | D        | Noticed Erolcha
  1316 | D        | Killed Erolcha
  1316 | D        | Received a gift from Trog
  1317 | D        | Reached skill level 5 in Long Blades
  1317 | D        | Reached skill level 15 in Axes
  1317 | D        | Reached skill level 5 in Stealth
  1317 | D        | Reached XP level 9. HP: 95/95 MP: 8/8
  1322 | D        | Killed a two-headed ogre
  1547 | D        | Noticed a queen bee
  1573 | D        | Received a gift from Trog
  1591 | D        | Received a gift from Trog
  1598 | D        | Reached ****** piety under Trog
  1618 | D        | Reached skill level 10 in Armour
  1626 | D        | Received a gift from Trog
  1639 | D        | Reached skill level 15 in Fighting
  1653 | D        | Killed a queen bee
  1653 | D        | Identified the +5 battleaxe "Vuomp" {vorpal, rF+ rC+ rN++}
                  | (Trog gifted it to you in the Dungeon)
  1653 | D        | Received a gift from Trog
  1654 | D        | Reached skill level 16 in Axes
  1654 | D        | Reached XP level 10. HP: 32/105 MP: 3/9
  2024 | D        | Noticed Harold
  2025 | D        | Noticed Joseph
  2031 | D        | Killed Harold
  2032 | D        | Reached skill level 17 in Axes
  2034 | D        | Killed Joseph
  2034 | D        | Received a gift from Trog
  2035 | D        | Reached skill level 5 in Shields
  2291 | D        | Reached skill level 18 in Axes
  2355 | D        | Noticed a cane toad
  2355 | D        | Noticed a cane toad
  2372 | D        | Killed a cane toad
  2372 | D        | Received a gift from Trog
  2374 | D        | Killed a cane toad
  2473 | D        | Reached skill level 19 in Axes
  2571 | D        | Reached XP level 11. HP: 116/116 MP: 10/10
  2582 | D        | Received a gift from Trog
  2732 | D        | Noticed a dire elephant
  2732 | D        | Noticed a dire elephant
  2732 | D        | Noticed Gastronok
  2737 | D        | Reached skill level 10 in Dodging
  2742 | D        | Killed a dire elephant
  2743 | D        | Reached skill level 20 in Axes
  2749 | D        | Killed a dire elephant
  2762 | D        | Killed Gastronok
  2762 | D        | Received a gift from Trog
  2763 | D        | Reached skill level 21 in Axes
  3024 | D        | Noticed an azure jelly
  3024 | D        | Noticed an azure jelly
  3024 | D        | Noticed an azure jelly
  3025 | D        | Noticed an azure jelly
  3027 | D        | Noticed Rupert
  3034 | D        | Killed Rupert
  3080 | D        | Noticed a death yak
  3081 | D        | Noticed a death yak
  3083 | D        | Noticed a death yak
  3085 | D        | Noticed a death yak
  3088 | D        | Killed a death yak
  3091 | D        | Killed a death yak
  3095 | D        | Killed a death yak
  3096 | D        | Reached skill level 22 in Axes
  3100 | D        | Killed a death yak
  3105 | D        | Received a gift from Trog
  3106 | D        | Reached XP level 12. HP: 42/130 MP: 11/11
  3407 | D        | Noticed an anaconda
  3409 | D        | Killed an anaconda
  3415 | D        | Identified the +5 executioner's axe of Trog's Envy {flame,
                  | rElec rCorr Str+3} (Trog gifted it to you in the Dungeon)
  3415 | D        | Received a gift from Trog
  3441 | D        | Noticed an anaconda
  3448 | D        | Reached skill level 23 in Axes
  3448 | D        | Killed an anaconda
  3793 | D        | Received a gift from Trog
  3803 | D        | Noticed a nagaraja
  3803 | D        | Noticed a naga warrior
  3816 | D        | Killed a nagaraja
  3823 | D        | Found Kennich's Antique Weapon Boutique.
  3823 | D        | Found Cet Duun's Book Emporium.
  3826 | D        | Received a gift from Trog
  3827 | D        | Found Hiakhan's Distillery.
  3827 | D        | Killed a naga warrior
  3847 | D        | Got a serpentine rune of Zot
  3988 | D        | Identified the +3 executioner's axe of Dawobb {flame, rN+
                  | Dex+7} (Trog gifted it to you in the Dungeon)
  3988 | D        | Received a gift from Trog
  4140 | D        | Noticed Urug
  4144 | D        | Killed Urug
  4149 | D        | Noticed an eight-headed hydra
  4149 | D        | Noticed a seven-headed hydra
  4170 | D        | Killed a seven-headed hydra
  4171 | D        | Reached skill level 24 in Axes
  4182 | D        | Killed a five-headed hydra
  4414 | D        | Received a gift from Trog
  4445 | D        | Found a blossoming altar of Fedhas.
  5120 | D        | Received a gift from Trog
  5123 | D        | Identified the +5 falchion of Purpose {antimagic, Contam
                  | rF+ Str+3 Dex+2}
  5138 | D        | HP: 2/136 [something (9)]
  5638 | D        | Reached skill level 1 in Evocations
  5638 | D        | Reached XP level 13. HP: 145/145 MP: 12/12
  5638 | D        | Received a gift from Trog
  5640 | D        | Found Koam's Antique Weapon Emporium.
  5647 | D        | Received a gift from Trog
  5777 | D        | Received a gift from Trog
  5786 | D        | Slain by a deep elf knight

Illustrated notes

Levels and vault maps discovered:
D:        dungeon_sprint_mu [sprint_mu_entry_cave, sprint_mu_temple_rooms,
          sprint_mu_d1_spiders, sprint_mu_d2_genie, sprint_mu_d3_branching,
          sprint_mu_orc_legion, sprint_mu_elf_gauntlet, sprint_mu_hive_nellie,
          sprint_mu_lair_fedhas, sprint_mu_vaults_butterflies,
          sprint_mu_slime_circle, sprint_mu_shoals_kraken,
          sprint_mu_snake_twists, sprint_mu_blade_basic, sprint_mu_crypt_lich,
          sprint_mu_tomb_spiral, sprint_mu_vestibule_basic,
          sprint_mu_gehenna_hellfire, sprint_mu_dis_giant,
          sprint_mu_tartarus_statrot, sprint_mu_cocytus_islands, sprint_mu_zot1]

Skill      XL: |  1  2  3  4  5  6  7  8  9 10 11 12 13 |
---------------+----------------------------------------+-----
Fighting       | 5 7 8 10 12 14 15 16 19 21 22 | 22.2
Axes           | 5 7 9 10 13 15 16 19 22 24 | 24.9
Armour         | 3 4 5 6 8 10 11 12 14 | 14.5
Dodging        | 3 4 5 6 7 8 9 10 11 | 11.9
Stealth        | 1 2 3 5 6 7 |  7.9
Long Blades    | 5 8 |  8.5
Shields        | 1 3 6 7 9 |  9.6
Evocations     | 1 |  1.8

Action                   |  1- 3 |  4- 6 |  7- 9 | 10-12 | 13-15 || total
-------------------------+-------+-------+-------+-------+-------++-------
Melee: Hand axe          |    18 |    26 |    14 |       |       ||    58
       Headbutt          |     4 |     5 |    22 |    39 |     5 ||    75
       Long sword        |       |       |    35 |       |       ||    35
       War axe           |       |       |    42 |       |       ||    42
       Broad axe         |       |       |    37 |    10 |       ||    47
       Battleaxe         |       |       |       |   131 |    22 ||   153
       Executioner's axe |       |       |       |    65 |       ||    65
Invok: Berserk           |     2 |     4 |     6 |     8 |     1 ||    21
       Trog's Hand       |       |       |     1 |       |       ||     1
       Brothers in Arms  |       |       |       |     1 |       ||     1
Evoke: Phial of floods   |       |       |       |     2 |       ||     2
  Use: Potion            |     3 |       |       |     3 |       ||     6
       Scroll            |       |       |       |     1 |       ||     1
 Stab: Sleeping          |     1 |       |     2 |     4 |       ||     7
       Distracted        |       |       |       |     1 |       ||     1
Armor: Animal skin       |     1 |       |       |       |       ||     1
       Ring mail         |       |       |    26 |    17 |     2 ||    45
       Plate armour      |       |       |       |       |     2 ||     2
Dodge: Dodged            |     2 |     9 |    79 |    72 |    16 ||   178
Block: Other             |       |     2 |    27 |    30 |     2 ||    61
